 Dungeon Sprint DCSS version 0.25.1-9-gc5326a611f (webtiles) character file.

Game seed: 10096667881718666114

1257 raphaelitos the Basher (level 8, -3/85 HPs)
             Began as a Gargoyle Fighter on Dec 26, 2020.
             Was a Follower of Wu Jian.
             Slain by a demonic crawler (8 damage)
             ... in the Dungeon (Sprint I: "Red Sonja") on Dec 31, 2020.
             The game lasted 00:03:54 (1176 turns).

raphaelitos the Basher (Gargoyle Fighter)           Turns: 1176, Time: 00:03:55

Health: -3/85      AC: 12    Str: 21    XL:     8   Next: 51%
Magic:  8/8        EV: 11    Int:  9    God:    Wu Jian [*.....]
Gold:   419        SH: 11    Dex: 10    Spells: 7/7 levels left

rFire    . . .     SeeInvis .   a - +0 flail
rCold    . . .     Gourm    .   c - +0 kite shield
rNeg     + . .     Faith    .   m - +3 leather armour
rPois    ∞         Spirit   .   (no helmet)
rElec    +         Reflect  .   (no cloak)
rCorr    .         Harm     .   (no gloves)
MR       .....     NoTele   +   (no boots)
Stlth    ..........             (no amulet)
HPRegen  0.24/turn              (no ring)
MPRegen  0.11/turn              (no ring)

@: berserking (expiring), very quick
A: negative energy resistance 1, electricity resistance, unbreathing,
petrification resistance, rot immunity, AC +5
a: Renounce Religion


You were in the Dungeon.
You worshipped Wu Jian.
Wu Jian was aware of your devotion.
You were very hungry.

You visited 1 branch You collected 419 gold pieces.

Inventory:

Hand Weapons
 a - a +0 flail (weapon)
Armour
 b - a +0 scale mail
 c - a +0 kite shield (worn)
 m - a +3 leather armour (worn)
Wands
 l - a wand of random effects (10)
Scrolls
 k - a scroll of blinking
Potions
 d - a potion of might
 e - a potion of curing
 g - a potion of heal wounds
 h - a potion of haste
 i - 2 potions of magic
 n - a potion of mutation {unknown}
Comestibles
 f - a ration


   Skills:
 + Level 10.2 Fighting
 + Level 10.9 Maces & Flails
 + Level 8.5 Armour
 + Level 3.5 Dodging
 + Level 1.3 Stealth
 + Level 9.9 Shields


You had 7 spell levels left.
You didn't know any spells.
Your spell library was empty.

Dungeon Overview and Level Annotations

Branches:
Dungeon (1/1)

Altars:
Cheibriados
Dithmenos
Elyvilon
Fedhas
Gozag
Hepliaklqana
Kikubaaqudgha
Makhleb
Nemelex Xobeh
Okawaru
Qazlal
Ru
Sif Muna
Trog
Uskayaw
Vehumet
Wu Jian
Xom
Yredelemnul
Zin
The Shining One
Jiyva
Lugonu

Shops:
D [


Innate Abilities, Weirdness & Mutations

You are resistant to torment.
Your stone body is resilient. (AC +5)
You are immune to poison.
You resist negative energy. (rN+)
You are resistant to electric shocks. (rElec)
You can survive without breathing.
You are immune to petrification.
You are immune to rotting.


Message History

The demonic crawler barely misses you.
The demonic crawler hits you but does no damage.
You block the demonic crawler's attack. The demonic crawler hits you.
* * * LOW HITPOINT WARNING * * *
You block the demonic crawler's attack. The demonic crawler barely misses you.
You sock the demonic crawler!
The demonic crawler is heavily wounded.
You block the demonic crawler's attack.
The demonic crawler hits you but does no damage.
The demonic crawler closely misses you. The demonic crawler hits you!
* * * LOW HITPOINT WARNING * * *
The demonic crawler hits you.
* * * LOW HITPOINT WARNING * * *
The demonic crawler barely misses you.
You hit the demonic crawler.
The demonic crawler is heavily wounded.
The demonic crawler closely misses you. x2; The demonic crawler hits you.
* * * LOW HITPOINT WARNING * * *
The demonic crawler hits you!
You die...

##################
.#..'..#__#..')..#
.').#..'..'..#).s##+#
'#####'#__####..@ss.#
.#...#)#### #####s.+
##..##)# ## _##'#_.+
..÷..._# _##_.#'#
_###+#.# ## ###


You could see 4 demonic crawlers.

Vanquished Creatures
  2 kobold demonologists (D)
  A slime creature (D)
  Sigmund (D)
  A yak (D)
  A floating eye (D)
  An ogre (D)
  A jelly (D)
  Ijyb (D)
9 creatures vanquished.

Vanquished Creatures (others)
  3 hornets (D)
3 creatures vanquished.

Grand Total: 12 creatures vanquished

Notes
Turn   | Place    | Note
-------+----------+-------------------------------------------
     0 | D        | raphaelitos the Gargoyle Fighter began the quest for the
                  | Orb.
     0 | D        | Reached XP level 1. HP: 14/14 MP: 1/1
     1 | D        | Noticed Ijyb
    38 | D        | Killed Ijyb
    38 | D        | Reached XP level 2. HP: 13/20 MP: 2/2
    38 | D        | Reached XP level 3. HP: 15/24 MP: 3/3
   144 | D        | Noticed an ogre
   162 | D        | Killed an ogre
   162 | D        | Reached XP level 4. HP: 5/32 MP: 4/4
   457 | D        | Noticed Sigmund
   467 | D        | Killed Sigmund
   467 | D        | Reached skill level 1 in Dodging
   467 | D        | Reached XP level 5. HP: 21/39 MP: 5/5
   467 | D        | Reached XP level 6. HP: 24/44 MP: 6/6
   481 | D        | Found a shimmering blue altar of Sif Muna.
   607 | D        | Found an ornate altar of the Wu Jian Council.
   608 | D        | Found a radiant altar of Vehumet.
   689 | D        | Became a worshipper of the Wu Jian Council
   692 | D        | Found Domuo's Armour Emporium.
   692 | D        | Found an ancient bone altar of Kikubaaqudgha.
   692 | D        | Found a hazy altar of Hepliaklqana.
   692 | D        | Found a stormy altar of Qazlal.
   692 | D        | Found a hide-covered altar of Uskayaw.
   692 | D        | Found a blossoming altar of Fedhas.
   692 | D        | Found a bloodstained altar of Trog.
   692 | D        | Found an iron altar of Okawaru.
   692 | D        | Found a basalt altar of Yredelemnul.
   692 | D        | Found a glowing golden altar of the Shining One.
   692 | D        | Found a snail-covered altar of Cheibriados.
   692 | D        | Found a sacrificial altar of Ru.
   692 | D        | Found a glowing silver altar of Zin.
   692 | D        | Found a shadowy altar of Dithmenos.
   692 | D        | Found a white marble altar of Elyvilon.
   692 | D        | Noticed a yak
   702 | D        | Killed a yak
   703 | D        | Found an opulent altar of Gozag.
   704 | D        | Found a sparkling altar of Nemelex Xobeh.
   755 | D        | Killed a hornet
   900 | D        | Killed a hornet
   902 | D        | Found a viscous altar of Jiyva.
   902 | D        | Found a corrupted altar of Lugonu.
   902 | D        | Noticed a slime creature
   903 | D        | Found a burning altar of Makhleb.
   903 | D        | Found a shimmering altar of Xom.
   918 | D        | Killed a slime creature
   918 | D        | Reached XP level 7. HP: 41/51 MP: 7/7
   939 | D        | Killed a hornet
   977 | D        | Noticed a kobold demonologist
  1002 | D        | Noticed a kobold demonologist
  1005 | D        | Noticed an ice devil
  1005 | D        | Reached * piety under Wu Jian
  1010 | D        | Noticed a red devil
  1014 | D        | Noticed an ice devil
  1017 | D        | Killed a kobold demonologist
  1017 | D        | Reached skill level 10 in Maces & Flails
  1017 | D        | Reached skill level 1 in Stealth
  1017 | D        | Reached XP level 8. HP: 35/57 MP: 8/8
  1036 | D        | Killed a kobold demonologist
  1036 | D        | Reached skill level 10 in Fighting
  1165 | D        | Noticed a demonic crawler
  1165 | D        | Noticed a demonic crawler
  1165 | D        | Noticed a demonic crawler
  1165 | D        | Noticed a demonic crawler
  1176 | D        | Slain by a demonic crawler

Illustrated notes

Levels and vault maps discovered:
D:        dungeon_sprint_1 [red_sonja_temple_1, red_sonja_temple_small_1]

Skill      XL: |  1  2  3  4  5  6  7  8 |
---------------+-------------------------+-----
Fighting       | 4 6 7 9 10 | 10.2
Armour         | 4 6 7 8 |  8.5
Shields        | 4 6 7 8 9 |  9.9
Maces & Flails | 4 6 8 10 | 10.9
Dodging        | 1 2 3 |  3.5
Stealth        | 1 |  1.3

Action                   |  1- 3 |  4- 6 |  7- 9 || total
-------------------------+-------+-------+-------++-------
Melee: Flail             |    45 |    37 |    44 ||   126
Invok: Lunge             |       |       |     1 ||     1
  Use: Potion            |       |       |     1 ||     1
Armor: Scale mail        |    21 |       |       ||    21
       Leather armour    |       |    10 |    18 ||    28
Dodge: Dodged            |    15 |     8 |    30 ||    53
Block: Kite shield       |    18 |    10 |    33 ||    61
